 Dungeon Crawl Stone Soup version 0.30-a0-341-g682706514a (webtiles) character file.

Game seed: 12969971175318236943

121 retardedninja the Trooper (level 5, -6/47 HPs)
             Began as a Hill Orc Fighter on Nov 3, 2022.
             Killed from afar by Ijyb (9 damage)
             ... with a puff of flame
             ... on level 3 of the Dungeon.
             The game lasted 00:01:53 (1695 turns).

retardedninja the Trooper (Hill Orc Fighter)        Turns: 1695, Time: 00:01:53

Health: -6/47      AC:  8    Str: 21    XL:     5   Next: 5%
Magic:  5/5        EV:  9    Int:  8    God:
Gold:   195        SH:  4    Dex: 10    Spells: 4/4 levels left

rFire   . . .      SeeInvis .    a - +0 war axe
rCold   . . .      Faith    .    c - +0 buckler
rNeg    . . .      Spirit   .    b - +0 scale mail
rPois   .          Reflect  .    (no helmet)
rElec   .          Harm     .    (no cloak)
rCorr   .          Rampage  .    p - +0 pair of gloves
Will    .....                    (no boots)
Stlth   ..........               (no amulet)
HPRegen 0.27/turn                (no ring)
MPRegen 0.09/turn                (no ring)

@: mighty, hasted, very quick
A: no striking features
a: no special abilities


You were on level 3 of the Dungeon.
You visited 1 branch of the dungeon, and saw 3 of its levels.

You collected 195 gold pieces.

Inventory:

Hand Weapons
 a - a +0 war axe (weapon)
Armour
 b - a +0 scale mail (worn)
 c - a +0 buckler (worn)
 p - a +0 pair of gloves (worn)
Jewellery
 n - a ring of willpower
Wands
 s - a wand of paralysis (12)
Scrolls
 g - 2 scrolls of noise {unknown}
 i - a scroll of poison {unknown}
 j - a scroll of silence {unknown}
 k - a scroll of enchant armour {unknown}
 l - a scroll of identify {unknown}
 o - a scroll of teleportation {unknown}
 q - 2 scrolls of fog {unknown}
 r - 2 scrolls of immolation {unknown}
 u - a scroll of amnesia {unknown}
Potions
 e - a potion of degeneration {unknown}
 f - a potion of mutation {unknown}
 h - a potion of haste
 m - a potion of berserk rage {unknown}
 t - a potion of curing {unknown}


   Skills:
 + Level 4.4 Fighting
 + Level 4.0 Axes
 + Level 4.2 Armour
 + Level 4.2 Shields


You had 4 spell levels left.
You didn't know any spells.
Your spell library contained the following spells:

 Spells                   Type           Power      Damage    Failure   Level
 Apportation              Tloc           0%         N/A       83%         1
 Sting                    Tmut/Pois      0%         1d3       83%         1
 Ensorcelled Hibernation  Hex/Ice        0%         N/A       92%         2
 Passwall                 Tmut/Erth      0%         N/A       92%         2
 Poisonous Vapours        Pois/Air       0%         N/A       92%         2
 Ignite Poison            Fire/Tmut/Pois 0%         N/A       99%         3
 Swiftness                Air            0%         N/A       99%         3
 Olgreb's Toxic Radiance  Pois           0%         N/A       100%        4
 Sticky Flame             Conj/Fire      0%         2d3       100%        4
 Alistair's Intoxication  Tmut/Pois      0%         N/A       100%        5
 Yara's Violent Unravell  Hex/Tmut       0%         3d3       100%        5
 Enfeeble                 Hex            0%         N/A       100%        7
 Ignition                 Fire           0%         3d3       100%        8
 Chain Lightning          Conj/Air       0%         N/A       100%        9
 Fire Storm               Conj/Fire      0%         5d1       100%        9
 Shatter                  Erth           0%         3d5*      100%        9


Dungeon Overview and Level Annotations

Branches:
Dungeon (3/15)

Altars:
The Shining One

Annotations:
D:3 Ijyb


Message History

You block Ijyb's attack.
Unknown command.
You completely miss Ijyb.
Ijyb is lightly wounded.
Ijyb zaps a wand.
The puff of flame hits you!
Ijyb zaps a wand.
The puff of flame hits you!
Unknown command.
You barely miss Ijyb.
Ijyb is lightly wounded.
Ijyb closely misses you.
Unknown command.
You hit Ijyb.
Ijyb is lightly wounded.
Ijyb zaps a wand.
The puff of flame hits you.
Unknown command.
You slash Ijyb!
Ijyb is heavily wounded.
You closely miss the crimson imp.
The crimson imp hits you but does no damage.
Ijyb zaps a wand.
The puff of flame hits you!
* * * LOW HITPOINT WARNING * * *
The crimson imp hits you but does no damage.
Ijyb zaps a wand.
The puff of flame hits you.
* * * LOW HITPOINT WARNING * * *
Unknown command.
It was a potion of haste.
You feel yourself speed up. Ijyb hits you but does no damage.
The crimson imp hits you but does no damage.
You feel very mighty all of a sudden.
You barely miss Ijyb.
Ijyb is heavily wounded.
You closely miss the crimson imp.
The crimson imp blinks!
Ijyb hits you with a +0 club.
* * * LOW HITPOINT WARNING * * *
You slash Ijyb!
Ijyb is almost dead.
You slash the crimson imp!
You kill the crimson imp!
Ijyb zaps a wand.
The puff of flame hits you!
You die...

#.#
#...#....##...##.#
##.#
##.###.#.###.###.#
...# #.##....# #.#
#.# #### #.##.†###
#.# #.. #.##..#
#.# #.#
#.##..#####.# #.#
#...........# #.#
##.##..########
#........@g.....#
#...$...........#
..#..#..#.#..#..#
. #..###..#### #
#. ... . ..... .#
.._..+ #.....


You could see Ijyb.

Vanquished Creatures
  A crimson imp (D:3)
  Terence (D:2)
  2 adders (D:2)
  A worm (D:2)
  6 dart slugs
  2 ball pythons
  2 bats (D:1)
  4 endoplasms
  2 giant cockroaches
  8 goblins
  4 hobgoblins
  4 jackals
  6 kobolds
  3 quokkas
  4 frilled lizards
  2 goblin skeletons (D:3)
  A hobgoblin zombie (D:3)
  3 kobold zombies (D:3)
  5 rats
61 creatures vanquished.

Notes
Turn   | Place    | Note
-------+----------+-------------------------------------------
     0 | D:1      | retardedninja the Hill Orc Fighter began the quest for the
                  | Orb.
     0 | D:1      | Reached XP level 1. HP: 19/19 MP: 1/1
   147 | D:1      | Reached XP level 2. HP: 27/27 MP: 2/2
   196 | D:1      | Found a faded altar of an unknown god.
   334 | D:1      | Reached XP level 3. HP: 30/33 MP: 3/3
   899 | D:2      | Reached XP level 4. HP: 40/40 MP: 4/4
   932 | D:2      | Identified the +10 sling of Zog Hesoupeq {drain, *Slow
                  | Will- Str+4 Dex+6}
   967 | D:2      | Noticed Terence
   973 | D:2      | Killed Terence
  1608 | D:3      | Reached XP level 5. HP: 46/47 MP: 5/5
  1675 | D:3      | Found a glowing golden altar of the Shining One.
  1675 | D:3      | Noticed Ijyb
  1695 | D:3      | Killed from afar by Ijyb

Illustrated notes

Levels and vault maps discovered:
D:1:      nzn_arrival_crosshair, layout_loops_ring,
          shapermc_ecumenical_altar_ellora
D:2:      layout_rooms, uniq_terence
D:3:      layout_loops_ring, nicolae_tso_besieged_by_evil, uniq_ijyb

Skill      XL: |  1  2  3  4 |
---------------+-------------+-----
Axes           | 3 4 |  4.0
Fighting       | 4 |  4.4
Armour         | 4 |  4.2
Shields        | 4 |  4.2

Action                   |  1- 3 |  4- 6 || total
-------------------------+-------+-------++-------
Melee: War axe           |    82 |    87 ||   169
  Use: Potion            |       |     2 ||     2
Armor: Scale mail        |    33 |    39 ||    72
Dodge: Dodged            |    42 |    50 ||    92
Block: Buckler           |    19 |     9 ||    28

Table legend: (Time is in decaauts)
 A = Elapsed time spent in this place.
 B = Non-inter-level travel time spent in this place.
 C = Inter-level travel time spent in this place.
 D = Time resting spent in this place.
 E = Time spent auto-exploring this place.
 F = Levels seen in this place.
 G = Mean time per level.
                   A        B        C        D        E       F      G
               +--------+--------+--------+--------+--------+-----+--------+
         Total |   1754 |   1727 |     27 |      0 |   1313 |   3 |  584.7 |
       Dungeon |   1754 |   1727 |     27 |      0 |   1313 |   3 |  584.7 |
               +--------+--------+--------+--------+--------+-----+--------+

Top non-repeatable levels by time:
     D:1: 754 daAuts
     D:2: 674 daAuts
     D:3: 325 daAuts
